 Dungeon Crawl Stone Soup version 0.20.1-1-g8b1a95d (webtiles) character file.

176 slep the Skirmisher (level 5, -5/42 HPs)
             Began as a Demonspawn Abyssal Knight on Oct 31, 2017.
             Was a Priest of Lugonu.
             Slain by Terence
             ... wielding a +0 short sword of electrocution
              (12 damage)
             ... on level 3 of the Dungeon on Nov 1, 2017.
             The game lasted 00:13:21 (2279 turns).

slep the Skirmisher (Demonspawn Abyssal Knight)     Turns: 2279, Time: 00:13:23

Health: -5/42      AC: 16    Str: 12    XL:     5   Next: 30%
Magic:  7/7        EV: 11    Int: 13    God:    Lugonu [***...]
Gold:   214        SH:  3    Dex: 14    Spells: 4/4 levels left

rFire    . . .     SeeInvis .   A - +2 morningstar (protect)
rCold    . . .     Gourm    .   w - +0 buckler {AC+3}
rNeg     + . .     Faith    .   v - +2 robe {MR+}
rPois    .         Spirit   .   p - +0 helmet
rElec    .         Reflect  .   (no cloak)
rCorr    .         Harm     .   E - +0 pair of gloves (curse)
MR       +....                  (no boots)
Stlth    ++........             (no amulet)
Regen    0.2/turn               C - ring of positive energy
MPRegen  0.1/turn               (no ring)

@: protection aura, drained
A: demonic guardian 1
a: Depart the Abyss, Bend Space, Banish, Renounce Religion


You were on level 3 of the Dungeon.
You worshipped Lugonu.
Lugonu was most pleased with you.
You were hungry.

You visited 1 branch of the dungeon, and saw 3 of its levels.
You visited the Abyss 1 time.

You collected 214 gold pieces.

Inventory:

Hand Weapons
 a - a +1 falchion
 f - a +2 vampiric dagger
 q - a +3 mace
 y - a +0 short sword of draining
 A - a +2 morningstar of protection (weapon)
Armour
 b - a +0 leather armour
 p - a +0 helmet (worn)
 v - a +2 robe of magic resistance (worn)
 w - a +0 buckler of protection (worn)
 B - a +1 leather armour of fire resistance
 E - a cursed +0 pair of gloves (worn)
Jewellery
 o - an uncursed ring of ice
 C - a ring of positive energy (left hand)
Wands
 x - a wand of lightning (6/15)
Scrolls
 d - 2 scrolls of enchant weapon {unknown}
 e - 5 scrolls of identify {unknown}
 h - a scroll of blinking {unknown}
 i - 3 scrolls of remove curse {unknown}
 j - a scroll of magic mapping {unknown}
 l - a scroll of fear {unknown}
 m - 2 scrolls of fog {unknown}
 s - 3 scrolls of teleportation {unknown}
 t - 2 scrolls of amnesia {unknown}
Potions
 g - a potion of flight {unknown}
 k - a potion of heal wounds {unknown}
 n - 2 potions of mutation {unknown}
 u - a potion of berserk rage
 z - 2 potions of lignification {unknown}
 D - 2 potions of curing {unknown}
Comestibles
 c - 3 bread rations
 r - 3 royal jellies


   Skills:
 + Level 4.1(3.9) Fighting
 + Level 3.4(3.2) Long Blades
 + Level 2.2(2.1) Armour
 + Level 1.4(1.2) Dodging
 + Level 0.8(0.6) Stealth
 + Level 0.1(0.0) Shields
 + Level 2.8(2.7) Invocations


You had 4 spell levels left.
You didn't know any spells.

Dungeon Overview and Level Annotations

Branches:
Dungeon (3/15)

Altars:
Cheibriados
Dithmenos
Gozag
Nemelex Xobeh
Ru
Vehumet

Annotations:
D:3 Terence


Innate Abilities, Weirdness & Mutations

A weak demonic guardian rushes to your aid.


Message History

You hear a shout!
Your iron imp hits Terence but does no damage.
Terence barely misses your iron imp. x2
Terence barely misses your iron imp.
Your iron imp hits Terence.
Your iron imp disappears in a puff of smoke!
Terence rages. x2
Terence hits you with a short sword of electrocution.
You closely miss Terence.
Terence is moderately wounded.
Terence closely misses you.
Terence hits you with a short sword of electrocution.
You are electrocuted!
You sock Terence!
Your weapon exudes an aura of protection.
Terence is heavily wounded.
Terence is no longer berserk.
Terence hits you but does no damage.
You are electrocuted!
* * * LOW HITPOINT WARNING * * *
Terence misses you. Terence hits you but does no damage.
You are electrocuted!
You die...

### ##.##
########.#.##
#.........#.#
#....@@....##
##...(...#.##########
#........#..........#
#(.......##########.#
#........# ###.#
#........# #...#
#.#######.. #......
#.# ..| #..#### #.#
.. #####. ##


You could see Terence.

Vanquished Creatures
  Robin (D:2)
  4 adders
  3 worms (D:2)
  3 dart slugs
  4 leopard geckos
  5 orcs (D:3)
  3 giant cockroaches
  16 goblins
  6 hobgoblins
  A jackal (D:2)
  A ball python (D:1)
  5 bats
  7 frilled lizards
  8 kobolds
  2 rats
69 creatures vanquished.

Vanquished Creatures (collateral kills)
  An orc priest (D:3)
  Jessica (D:2)
  3 jackals (D:2)
5 creatures vanquished.

Grand Total: 74 creatures vanquished

Notes
Turn   | Place    | Note
-------+----------+-------------------------------------------
     0 | Abyss:1  | slep the Demonspawn Abyssal Knight began the quest for the Orb.
     0 | Abyss:1  | Reached XP level 1. HP: 18/18 MP: 2/2
    29 | Abyss:1  | Noticed a starcursed mass
    36 | D:1      | Escaped the Abyss
    90 | D:1      | Reached * piety under Lugonu
   164 | D:1      | Gained mutation: A weak demonic guardian rushes to your aid. [demonic ancestry]
   164 | D:1      | Reached XP level 2. HP: 16/24 MP: 3/3
   172 | D:1      | HP: 1/24 [goblin/dagger (2)]
   528 | D:2      | Reached XP level 3. HP: 24/30 MP: 3/5
   541 | D:2      | Reached skill level 1 in Dodging
   589 | D:2      | Found a faded altar of an unknown god.
   668 | D:2      | Reached ** piety under Lugonu
   687 | D:2      | Noticed Robin
   923 | D:2      | Killed Robin
   923 | D:2      | Reached XP level 4. HP: 3/37 MP: 6/6
  1233 | D:2      | Reached skill level 4 in Fighting
  1271 | D:2      | Noticed Jessica
  1281 | D:2      | Killed Jessica
  1406 | D:2      | Found a radiant altar of Vehumet.
  1406 | D:2      | Found a sparkling altar of Nemelex Xobeh.
  1421 | D:2      | Found a snail-covered altar of Cheibriados.
  1422 | D:2      | Found a sacrificial altar of Ru.
  1633 | D:3      | Found an opulent altar of Gozag.
  1653 | D:3      | Reached XP level 5. HP: 32/42 MP: 7/7
  1922 | D:3      | Found a shadowy altar of Dithmenos.
  2228 | D:3      | Reached *** piety under Lugonu
  2253 | D:3      | Noticed Terence
  2279 | D:3      | Slain by Terence

Skill      XL: |  1  2  3  4 |
---------------+-------------+-----
Long Blades    | 2 3 |  3.4
Dodging        | 1 |  1.4
Armour         | 2 |  2.2
Fighting       | 4 |  4.1
Stealth        | |  0.8
Shields        | |  0.1
Invocations    | |  2.8

Action                   |  1- 3 |  4- 6 || total
-------------------------+-------+-------++-------
Melee: Falchion          |   109 |    92 ||   201
       Morningstar       |       |     7 ||     7
Invok: Depart the Abyss  |     1 |       ||     1
 Stab: Sleeping          |     2 |     1 ||     3
  Eat: Chunk             |       |     4 ||     4
Armor: Leather armour    |    40 |     4 ||    44
       Robe              |       |    17 ||    17
Dodge: Dodged            |    66 |    54 ||   120
Block: Buckler           |       |     9 ||     9
       Rpst.: Falchion   |    23 |    12 ||    35
